 Dungeon Crawl Stone Soup version 0.23.2-30-g0e89c35649 (webtiles) character file.

Game seed: 13792068044617584036

153 sankara the Slasher (level 5, -1/41 HPs)
             Began as a Demonspawn Gladiator on June 22, 2019.
             Slain by a worm (9 damage)
             ... on level 3 of the Dungeon.
             The game lasted 00:06:58 (2661 turns).

sankara the Slasher (Demonspawn Gladiator)          Turns: 2661, Time: 00:06:58

Health: -1/41      AC:  4    Str: 15    XL:     5   Next: 12%
Magic:  5/5        EV: 13    Int: 10    God:
Gold:   120        SH:  0    Dex: 14    Spells: 4/4 levels left

rFire    . . .     SeeInvis .   a - +0 long sword
rCold    + . .     Gourm    .   (no shield)
rNeg     . . .     Faith    .   b - +0 leather armour
rPois    .         Spirit   .   c - +0 helmet
rElec    .         Reflect  .   (no cloak)
rCorr    +         Harm     .   (no gloves)
MR       .....                  (no boots)
Stlth    +.........             (no amulet)
HPRegen  0.13/turn              r - ring of resist corrosion
MPRegen  0.09/turn              (no ring)

@: lethally poisoned (-1 -> -3)
A: cold resistance 1
a: no special abilities


You were on level 3 of the Dungeon.
You were not hungry.

You visited 1 branch of the dungeon, and saw 3 of its levels.

You collected 120 gold pieces.

Inventory:

Hand Weapons
 a - a +0 long sword (weapon)
 p - a +0 dagger
   (You took it off a goblin on level 1 of the Dungeon)
Missiles
 d - 3 throwing nets {=f, !d}
 e - 43 stones (quivered)
 h - 13 needles of sleeping
 u - 3 javelins
Armour
 b - a +0 leather armour (worn)
 c - a +0 helmet (worn)
Jewellery
 r - a ring of resist corrosion (left hand)
   (You found it on level 2 of the Dungeon)
Scrolls
 j - 2 scrolls of enchant armour {unknown}
 k - 2 scrolls of enchant weapon {unknown}
 l - a scroll of noise {unknown}
 o - a scroll of remove curse {unknown}
 s - 2 scrolls of identify {unknown}
Potions
 g - a potion of curing {unknown}
 i - a potion of mutation {unknown}
 m - a potion of agility {unknown}
 n - 2 potions of berserk rage {unknown}
 t - a potion of might {unknown}
Comestibles
 f - 5 rations
 q - 6 chunks of flesh {@w0}


   Skills:
 - Level 3.0 Fighting
 * Level 4.7 Long Blades
 - Level 1.7 Throwing
 - Level 3.0 Dodging


You had 4 spell levels left.
You didn't know any spells.
Your spell library was empty.

Dungeon Overview and Level Annotations

Branches:
Dungeon (3/15)

Altars:
Hepliaklqana
Xom


Innate Abilities, Weirdness & Mutations

Your flesh is cold resistant. (rC+)


Message History

The orc wizard closely misses you. The orc misses you. The orc hits you.
You see here a +0 flail.
You are too injured to fight recklessly!
You are too injured to fight recklessly!
You are too injured to fight recklessly!
You are too injured to fight recklessly!
You closely miss the orc wizard.
The orc wizard is moderately wounded.
The orc wizard hits you but does no damage. x2
The orc hits you with a +0 hand axe. The orc barely misses you.
You closely miss the orc wizard.
The orc wizard is moderately wounded.
The orc wizard gestures at you while chanting.
The magic dart hits you. The orc hits you. The orc completely misses you.
You riposte.
You closely miss the orc. The orc wizard closely misses you.
You riposte.
You hit the orc wizard.
The orc wizard is heavily wounded.
You are feeling hungry.
You slash the orc wizard!
The orc wizard is almost dead.
The orc wizard hits you but does no damage.
The orc barely misses you. The orc closely misses you.
You riposte.
You hit the orc.
The orc is moderately wounded.
The orc wizard hits you but does no damage.
The orc barely misses you.
You hit the orc wizard.
You kill the orc wizard!
You have reached level 5!
The orc misses you. The orc hits you.
You hit the orc.
The orc is moderately wounded.
The orc barely misses you. x2; You riposte.
You barely miss the orc.
The orc is moderately wounded.
You slash the orc!
You kill the orc!
The orc barely misses you. The orc hits you with a +0 hand axe.
* * * LOW HITPOINT WARNING * * *
You barely miss the orc.
The orc is moderately wounded.
The orc hits you with a +0 hand axe.
* * * LOW HITPOINT WARNING * * *
You hit the orc.
You kill the orc!
Things that are here:
a +0 hand axe; an orc corpse You butcher the orc corpse.
q - 5 chunks of flesh {@w0} (gained 3)
Things that are here:
a +0 hand axe; an orc skeleton
Things that are here:
a +0 dagger; a +0 robe You see here an orc corpse.
You butcher the orc corpse.
q - 7 chunks of flesh {@w0} (gained 2)
You see here an orc skeleton.
Things that are here:
a +0 dagger; a +0 robe You start resting.
Eating one of 7 chunks of flesh {@w0}.
You eat one of the 7 chunks of flesh {@w0}.
This raw flesh tastes terrible.
You hear the brisk rusting of a distant drain.
j - 2 scrolls labeled OTOFASM HOSTI (gained 1)
You see here 23 sling bullets.
You see here 23 sling bullets.
Things that are here:
a +0 hand axe; an orc skeleton You see here a +0 flail.
Found a stone staircase leading up.
There is a stone staircase leading up here.
There is a stone staircase leading up here.
u - 3 javelins A worm comes into view.
A worm is nearby!
An adder comes into view.
The adder hisses angrily.
Found an escape hatch in the floor.
The adder bites you.
You are poisoned.
The adder poisons you! The adder bites you.
* * * LOW HITPOINT WARNING * * *
You slash the adder!
The adder is severely wounded.
You feel sick. The adder completely misses you.
You slash the adder!
You kill the adder!
You feel sick.
s - 2 scrolls labeled MOITILLISUAS (gained 1)
You barely miss the worm.
You hear the brisk rusting of a drain nearby.
The worm misses you.
You barely miss the worm.
You feel sick.
You slash the worm!
The worm is heavily wounded.
The worm misses you.
You riposte.
You barely miss the worm.
The worm is heavily wounded.
You hit the worm but do no damage.
The worm is heavily wounded.
The worm bites you!
You die...

≈ .####.# #. #.#....#.# .
##≈##.>.#.# # ..
.w........#.# #.#
#...........# #.# #.#
....... .# #.###.###...#
.# #......##...# .#
#......w@...#
.##.#####.##...#........#
.##..............#..###.#
.# ######.###.####..# .##
#.# #... .... ..#
###.########[.### .##
#.............#
#######.#.#########..
..........#


You could see a worm.

Vanquished Creatures
  An orc wizard (D:3)
  7 adders
  2 leopard geckos
  3 orcs (D:3)
  2 ball pythons (D:1)
  5 giant cockroaches
  6 goblins
  13 hobgoblins
  3 kobolds
  2 quokkas
  2 bats (D:1)
  5 frilled lizards
  4 rats
55 creatures vanquished.

Vanquished Creatures (others)
  A plant (D:3)
1 creature vanquished.

Grand Total: 56 creatures vanquished

Notes
Turn   | Place    | Note
-------+----------+-------------------------------------------
     0 | D:1      | sankara the Demonspawn Gladiator began the quest for the
                  | Orb.
     0 | D:1      | Reached XP level 1. HP: 16/16 MP: 1/1
   182 | D:1      | Reached skill level 3 in Long Blades
   182 | D:1      | Gained mutation: Your flesh is cold resistant. (rC+)
                  | [demonic ancestry]
   182 | D:1      | Reached XP level 2. HP: 22/22 MP: 2/2
   588 | D:1      | Reached skill level 3 in Dodging
   909 | D:1      | Reached XP level 3. HP: 17/28 MP: 3/3
  1599 | D:2      | Found a shimmering altar of Xom.
  1687 | D:2      | Reached XP level 4. HP: 34/34 MP: 4/4
  2227 | D:3      | Reached skill level 3 in Fighting
  2230 | D:3      | Reached skill level 4 in Long Blades
  2510 | D:3      | Found a hazy altar of Hepliaklqana.
  2564 | D:3      | Reached XP level 5. HP: 17/41 MP: 5/5
  2567 | D:3      | HP: 6/41 [orc/+0 hand axe (6)]
  2652 | D:3      | HP: 10/41 [adder (3)]
  2659 | D:3      | HP: 8/41 [poisoned by an adder]
  2661 | D:3      | Slain by a worm

Skill      XL: |  1  2  3  4 |
---------------+-------------+-----
Long Blades    | 3 4 |  4.7
Dodging        | 3 |  3.0
Fighting       | 3 |  3.0
Throwing       | |  1.7

Action                   |  1- 3 |  4- 6 || total
-------------------------+-------+-------++-------
Melee: Long sword        |    98 |    67 ||   165
 Stab: Sleeping          |     2 |       ||     2
  Eat: Chunk             |     3 |     3 ||     6
Armor: Leather armour    |    28 |    12 ||    40
Dodge: Dodged            |   103 |    52 ||   155
       Rpst.: Long sword |    30 |    20 ||    50

Levels and vault maps discovered:
D:1:      minmay_arrival_wavy_path, layout_basic, minmay_pentomino_s2
D:2:      layout_basic, nicolae_overflow_crystal_walls, moated_statue
D:3:      layout_loops_ring, lemuel_round_altar, serial_forest,
          infiniplex_forest_straight_3, infiniplex_forest_clump_double,
          infiniplex_forest_clump_C, infiniplex_forest_straight_2,
          infiniplex_forest_end_3, infiniplex_forest_straight_3,
          cheibrodos_sewer_entry_sluice, minmay_misc_feat_roman

Table legend:
 A = Turns spent in this place as a percentage of turns spent in the entire game.
 B = Non-inter-level travel turns spent in this place as a percentage of non-inter-level travel turns spent in the entire game.
 C = Inter-level travel turns spent in this place as a percentage of turns spent in this place.
 D = Turns resting spent in this place as a percentage of non-inter-level travel turns spent in this place.
 E = Turns spent auto-exploring this place as a percentage of non-inter-level travel turns spent in this place.
 F = Non-inter-level travel turns spent in this place divided by the number of levels of this place that you've seen.
                   A       B       C       D       E      F
               +-------+-------+-------+-------+-------+----------------------
         Total | 100.0 | 100.0 |   4.6 |  29.9 |  52.3 | 846.3
       Dungeon | 100.0 | 100.0 |   4.6 |  29.9 |  52.3 | 846.3
               +-------+-------+-------+-------+-------+----------------------

Table legend:
 A = Kills in this place as a percentage of kills in entire the game.
 B = Kills by you in this place as a percentage of kills by you in the entire game.
 C = Kills by friends in this place as a percentage of kills by friends in the entire game.
 D = Other kills in this place as a percentage of other kills in the entire game.
 E = Experience gained in this place as a percentage of experience gained in the entire game.
 F = Experience gained in this place divided by the number of levels of this place that you have seen.
                   A       B       C       D       E      F
               +-------+-------+-------+-------+-------+----------------------
         Total | 100.0 | 100.0 |   N/A |   N/A | 100.0 |  73.0
       Dungeon | 100.0 | 100.0 |   N/A |   N/A | 100.0 |  73.0
               +-------+-------+-------+-------+-------+----------------------
